 Dungeon Crawl Stone Soup version 0.30-a0-4-ga7cffc901d (webtiles) character file.

Game seed: 11708430525360526032

617 ytrimaz the Magician (level 7, -2/48 HPs)
             Began as a Demonspawn Transmuter on Aug 22, 2022.
             Slain by a gnoll
             ... wielding a +0 whip
             ... led by a gnoll bouda
              (6 damage)
             ... on level 4 of the Dungeon.
             The game lasted 00:05:15 (4139 turns).

ytrimaz the Magician (Demonspawn Transmuter)        Turns: 4139, Time: 00:05:15

Health: -2/48      AC:  4    Str:  8 (10) XL:     7   Next: 21%
Magic:  15/15      EV: 12    Int: 16 (17) God:
Gold:   240        SH:  4    Dex: 11 (13) Spells: 11/17 levels left

rFire   + . .      SeeInvis .      - Unarmed
rCold   + . .      Faith    .    (no shield)
rNeg    + . .      Spirit   .    a - +0 robe
rPois   +          Reflect  .    (no helmet)
rElec   +          Harm     .    (no cloak)
rCorr   +          Rampage  .    f - +0 pair of gloves
Will    .....                    (no boots)
Stlth   +.........               (no amulet)
HPRegen 0.16/turn                h - ring of positive energy
MPRegen 0.14/turn                (no ring)

@: resistant, wereblooded
A: powered by pain 2, condensation shield, screaming 1, shaggy fur 1
a: no special abilities


You were on level 4 of the Dungeon.
You visited 1 branch of the dungeon, and saw 4 of its levels.

You collected 240 gold pieces.

Inventory:

Armour
 a - a +0 robe (worn)
 f - a +0 pair of gloves (worn)
 g - a +0 plate armour
Jewellery
 h - a ring of positive energy (left hand)
Wands
 b - a wand of roots (10)
Scrolls
 c - a scroll of vulnerability
 i - 2 scrolls of teleportation
 o - a scroll of fear
Potions
 j - 2 potions of cancellation
 k - 3 potions of attraction


   Skills:
 + Level 1.0 Fighting
 - Level 1.7 Dodging
 - Level 0.4 Shields
 + Level 5.1 Unarmed Combat
 * Level 5.8 Spellcasting
 - Level 1.7 Transmutations


You had 11 spell levels left.
You knew the following spells:

 Your Spells              Type           Power      Damage    Failure   Level
a - Beastly Appendage     Tmut           20%        N/A       7%          1
b - Wereblood             Tmut           10%        N/A       11%         2
c - Spider Form           Tmut/Pois      7%         N/A       28%         3

Your spell library contained the following spells:

 Spells                   Type           Power      Damage    Failure   Level
 Ensorcelled Hibernation  Hex/Ice        8%         N/A       22%         2
 Ice Form                 Ice/Tmut       7%         N/A       67%         4
 Anguish                  Hex/Necr       2%         N/A       80%         4


Dungeon Overview and Level Annotations

Branches:
Dungeon (4/15)
 Temple: D:4-7

Altars:
Fedhas
Gozag
Ru
Yredelemnul


Innate Abilities, Weirdness & Mutations

You sometimes gain power by taking damage.
A meltable shield of frost defends you. (SH +4)
You occasionally shout uncontrollably at your foes.
You are covered in fur. (AC +1)


Message History

The gnoll bouda is severely wounded.
Your horns disappear.
Your talons disappear.
The gnoll hits you with a +0 whip.
* * * LOW HITPOINT WARNING * * *
The gnoll bouda hits you with a +0 whip.
* * * LOW HITPOINT WARNING * * *
Unknown command.
You feel better. The gnoll closely misses you.
The gnoll bouda hits you with a +0 whip!
* * * LOW HITPOINT WARNING * * *
You feel better. The gnoll barely misses you.
The gnoll bouda hits you with a +0 whip!
* * * LOW HITPOINT WARNING * * *
You hit the gnoll bouda.
The gnoll bouda is almost dead.
The gnoll hits you with a +0 whip.
* * * LOW HITPOINT WARNING * * *
The gnoll bouda barely misses you.
You hit the gnoll bouda.
You feel a bit better.
You kill the gnoll bouda!
The gnoll is no longer moving quickly. x2
You hit the gnoll.
The gnoll is moderately wounded.
The gnoll misses you. The gnoll hits you with a +0 club.
* * * LOW HITPOINT WARNING * * *
Unknown command.
You barely miss the gnoll.
The gnoll is moderately wounded.
The gnoll hits you but does no damage. The gnoll barely misses you.
Unknown command.
Unknown command.
You barely miss the gnoll. Your punch misses the gnoll.
The gnoll is moderately wounded.
The gnoll barely misses you. The gnoll misses you. The gnoll barely misses you.
Unknown command.
You hit the gnoll.
The gnoll is severely wounded.
The gnoll hits you but does no damage. The gnoll misses you.
The gnoll hits you with a +0 whip.
You die...

# #. #.#. ##.#.# ......
## ###### .. #..... #.
... #..... #..#### #..#
...'.._.. ###...g@# #..#
..#..... #...###g# #..#
#.#g....
#._.g.#g###..####.######
#.....#....##.......
..#....)#.............
#..........#.# #..###
#>......#.##.####.....
#.......#.#.)..)...###
#..#......)..####.##


You could see 3 gnolls.

Vanquished Creatures
  Grinder (D:3)
  Sigmund (D:3)
  A necrophage (D:4)
  A gnoll bouda (D:4)
  Robin (D:3)
  2 gnolls (D:4)
  5 adders
  2 dart slugs
  An orc (D:4)
  9 bats
  6 endoplasms
  6 giant cockroaches (D:1)
  19 goblins
  17 hobgoblins
  3 jackals (D:1)
  2 kobolds
  5 quokkas
  6 ball pythons
  2 frilled lizards
  8 rats
98 creatures vanquished.

Vanquished Creatures (others)
  4 fungi (D:1)
  3 plants (D:1)
7 creatures vanquished.

Grand Total: 105 creatures vanquished

Notes
Turn   | Place    | Note
-------+----------+-------------------------------------------
     0 | D:1      | ytrimaz the Demonspawn Transmuter began the quest for the
                  | Orb.
     0 | D:1      | Reached XP level 1. HP: 15/15 MP: 3/3
   205 | D:1      | Gained mutation: You sometimes gain a little power by
                  | taking damage. [demonic ancestry]
   205 | D:1      | Reached XP level 2. HP: 21/21 MP: 3/5
   506 | D:1      | Found a faded altar of an unknown god.
   554 | D:1      | Gained mutation: You occasionally shout uncontrollably at
                  | your foes. [potion of mutation]
   554 | D:1      | Gained mutation: You are covered in fur. (AC +1) [potion of
                  | mutation]
  1053 | D:1      | Reached XP level 3. HP: 25/26 MP: 5/7
  1935 | D:2      | Learned a level 2 spell: Wereblood
  1939 | D:2      | Learned a level 3 spell: Spider Form
  2191 | D:3      | Noticed Sigmund
  2206 | D:3      | Killed Sigmund
  2207 | D:3      | Gained mutation: A meltable shield of frost defends you.
                  | (SH +4) [demonic ancestry]
  2207 | D:3      | Reached XP level 4. HP: 32/32 MP: 7/10
  2207 | D:3      | Reached XP level 5. HP: 37/37 MP: 7/11
  2277 | D:3      | Noticed Grinder
  2290 | D:3      | Paralysed by Grinder for 4 turns
  2296 | D:3      | Killed Grinder
  2297 | D:3      | Reached skill level 5 in Spellcasting
  2297 | D:3      | Gained mutation: You sometimes gain power by taking damage.
                  | [demonic ancestry]
  2297 | D:3      | Reached XP level 6. HP: 43/43 MP: 11/13
  2480 | D:3      | Noticed Robin
  2542 | D:3      | Killed Robin
  2923 | D:3      | Found a sacrificial altar of Ru.
  3645 | D:4      | Found a blossoming altar of Fedhas.
  3870 | D:4      | Found a basalt altar of Yredelemnul.
  3930 | D:4      | Reached skill level 5 in Unarmed Combat
  3930 | D:4      | Reached XP level 7. HP: 27/48 MP: 15/15
  4103 | D:4      | Found an opulent altar of Gozag.
  4139 | D:4      | Slain by a gnoll

Illustrated notes

Levels and vault maps discovered:
D:1:      dpeg_arrival_more_subterranean_lakeside_camping, layout_basic,
          serial_forest, infiniplex_forest_side_room,
          infiniplex_forest_straight_2, infiniplex_forest_straight_3,
          infiniplex_forest_clump_double, infiniplex_forest_clump_cross,
          infiniplex_forest_lined_3, infiniplex_forest_lined_3_way,
          shapermc_ecumenical_altar_mp_urbaneastern,
          minmay_misc_feat_more_columns, minmay_liquid_box,
          minmay_worlds_worst_comb
D:2:      cheibrodos_greedy_goblins, layout_loops_cross
D:3:      layout_loops_corners, lemuel_round_altar, kennysheep_generic_room_6,
          uniq_grinder, uniq_sigmund, uniq_robin
D:4:      layout_loops_ring, nicolae_gozag_seed_capital, fedhas_ov_isle_minmay,
          amcnicky_altar_gilded

Skill      XL: |  1  2  3  4  5  6 |
---------------+-------------------+-----
Unarmed Combat | 3 4 5 |  5.1
Spellcasting   | 4 5 |  5.8
Fighting       | |  1.0
Dodging        | |  1.7
Shields        | |  0.4
Transmutations | |  1.7

Action                   |  1- 3 |  4- 6 |  7- 9 || total
-------------------------+-------+-------+-------++-------
Melee: Unarmed           |   116 |   134 |    36 ||   286
       Kick              |    23 |    22 |    10 ||    55
       Headbutt          |    14 |    10 |     3 ||    27
       Punch             |     2 |     3 |       ||     5
 Cast: Beastly Appendage |    32 |    21 |     6 ||    59
       Wereblood         |     1 |     2 |     1 ||     4
  Use: Scroll            |     6 |     6 |       ||    12
       Potion            |     3 |     2 |     6 ||    11
 Stab: Sleeping          |     1 |       |       ||     1
Armor: Robe              |    42 |    34 |     4 ||    80
       Skin              |     4 |     9 |       ||    13
Dodge: Dodged            |    93 |    81 |    27 ||   201
Block: Other             |       |    24 |    10 ||    34

Table legend: (Time is in decaauts)
 A = Elapsed time spent in this place.
 B = Non-inter-level travel time spent in this place.
 C = Inter-level travel time spent in this place.
 D = Time resting spent in this place.
 E = Time spent auto-exploring this place.
 F = Levels seen in this place.
 G = Mean time per level.
                   A        B        C        D        E       F      G
               +--------+--------+--------+--------+--------+-----+--------+
         Total |   4119 |   4042 |     77 |    224 |   2996 |   4 | 1029.8 |
       Dungeon |   4119 |   4042 |     77 |    224 |   2996 |   4 | 1029.8 |
               +--------+--------+--------+--------+--------+-----+--------+

Top non-repeatable levels by time:
     D:3: 1448 daAuts
     D:1: 1214 daAuts
     D:2: 922 daAuts
     D:4: 533 daAuts
